Map: Terraform LE (Void)

Players

beardie - Winner!

  • Race: Zerg Zerg
  • League: Bronze

Toons

  • Race: Zerg Zerg
  • League: Silver

VOD

Have the link to the VOD?

Description

Time

  • Played on: Aug. 5, 2015, 12:13 a.m.
  • Length: 4:36
Show
View Real Time Build Order
Export as new Build Order

beardie Zerg - Winner!

Build Orders: Hatch First 

Get SALT Encoding   

  12  0:03  Drone  
  13  0:13  Overlord  
  13  0:18  Drone  
  14  0:32  Drone x2  
  16  0:37  Drone  
  17  0:58  Hatchery  
  16  1:11  Spawning Pool  
  16  1:15  Extractor  
  16  1:16  Drone  
  15  1:26  Drone  
  15  1:27  Drone  
  17  1:35  Drone  
  18  1:41  Overlord  
  18  1:50  Drone  
  19  1:58  Queen  
  21  2:06  Zergling x2  
  22  2:10  Drone  
  22  2:12  Queen  
  25  2:17  Zergling x2  
  25  2:20  Metabolic Boost  
  26  2:23  Drone  
  27  2:30  Zergling x2  
  27  2:39  Zergling x2  
  28  2:45  Zergling x2  
  28  2:46  Zergling x2  
  28  2:48  Queen  
  32  2:54  Drone, Zergling x2  
  32  2:55  Zergling x2  
  35  3:04  Overlord  
  35  3:16  Spine Crawler  
  35  3:17  Overlord  
  34  3:28  Drone  
  34  3:29  Overlord  
  35  3:41  Zergling x4  
  35  3:42  Drone x3  
  35  3:44  Drone  
  35  3:45  Drone x2  
  43  4:11  Zergling x2  
  43  4:12  Zergling x6  
  43  4:13  Zergling x2  
  47  4:18  Zergling x8  
Show
View Real Time Build Order
Export as new Build Order

Toons Zerg 

Build Orders: Pool First 

Get SALT Encoding   

  12  0:01  Drone  
  13  0:08  Drone  
  14  0:17  Overlord  
  14  0:23  Extractor  
  14  0:24  Drone  
  15  0:40  Spawning Pool  
  15  0:42  Drone  
  15  0:46  Drone  
  15  0:49  Drone  
  17  0:57  Extractor  
  17  1:01  Drone  
  17  1:06  Drone  
  18  1:17  Drone  
  19  1:28  Zergling x2  
  19  1:29  Queen  
  22  1:39  Hatchery  
  21  1:43  Drone  
  22  1:56  Overlord  
  22  2:07  Roach Warren  
  21  2:12  Zergling x2  
  22  2:19  Evolution Chamber  
  22  2:20  Drone, Extractor  
  21  2:24  Queen  
  23  2:46  Drone x6  
  29  3:06  Drone  
  29  3:07  Overlord  
  29  3:09  Metabolic Boost  
  30  3:20  Drone x2  
  30  3:21  Drone  
  33  3:42  Spine Crawler  
  33  3:43  Roach  
  33  3:44  Roach x3  
  33  3:47  Overlord  
  40  3:55  Drone x3  
  40  4:06  Roach x3  
Tags
 
Add a new tag
Caveats
  • Supply blocks, unpowered buildings, or Contaminate may cause inaccurate times.
  • Supply counts are checked every 10 seconds.